Map: Triton LE

Players

JimRising

  • Race: Zerg Zerg
  • League: Master
  • Spawn Location: 5:00

Frobilicious - Winner!

  • Race: Terran Terran
  • League: Master
  • Spawn Location: 11:00

VOD

Have the link to the VOD?

Description

Time

  • Played on: Aug. 23, 2019, 2:18 a.m.
  • Length: 17:52
Show
View Real Time Build Order
Export as new Build Order

JimRising Zerg 

Build Orders: Hatch First, Brood Lord Corruptor 

Get SALT Encoding   

  12  0:01  Drone  
  13  0:13  Drone  
  14  0:16  Overlord  
  14  0:22  Extractor  
  14  0:25  Drone  
  16  0:35  Drone x2  
  17  0:55  Hatchery  
  16  0:57  Drone  
  16  0:59  Drone  
  16  1:01  Extractor  
  17  1:15  Spawning Pool  
  17  1:17  Drone  
  17  1:21  Drone  
  18  1:29  Drone  
  19  1:39  Overlord  
  19  1:51  Drone  
  20  2:01  Queen  
  20  2:02  Metabolic Boost  
  20  2:06  Queen  
  20  2:07  Zergling x2  
  25  2:10  Zergling x2  
  25  2:14  Drone  
  27  2:18  Drone  
  28  2:23  Drone  
  28  2:28  Drone  
  30  2:35  Drone  
  31  2:38  Queen  
  31  2:41  Queen  
  35  2:49  Overlord x2  
  35  2:52  Drone  
  35  2:56  Overlord  
  36  3:08  Drone  
  37  3:13  Drone x5  
  37  3:16  Drone x2  
  44  3:20  Drone x2  
  46  3:28  Drone  
  46  3:29  Drone  
  48  3:37  Hatchery  
  48  3:40  Pneumatized Carapace  
  47  3:45  Zergling x2  
  47  3:47  Roach Warren, Zergling x2  
  48  3:48  Zergling x2  
  48  3:51  Overlord  
  49  3:56  Queen  
  49  4:02  Drone x2  
  53  4:05  Drone x3  
  53  4:09  Drone x2  
  58  4:14  Overlord  
  58  4:22  Overlord  
  58  4:23  Spore Crawler  
  58  4:24  Spore Crawler  
  56  4:29  Roach x2  
  56  4:30  Roach x2  
  64  4:36  Overlord  
  64  4:37  Lair  
  64  4:39  Extractor  
  64  4:40  Drone  
  64  4:41  Drone  
  65  4:53  Roach x2  
  65  4:54  Roach  
  71  5:00  Drone x2  
  71  5:01  Drone x4  
  71  5:05  Drone  
  76  5:07  Drone  
  76  5:08  Spore Crawler  
  76  5:11  Drone x4  
  80  5:18  Extractor  
  80  5:20  Drone  
  80  5:21  Drone  
  80  5:28  Roach x3  
  87  5:29  Roach  
  87  5:32  Drone x3  
  87  5:35  Drone  
  93  5:36  Extractor  
  93  5:38  Overseer  
  92  5:43  Overlord  
  92  5:44  Drone x3  
  92  5:46  Extractor x2, Glial Reconstitution  
  92  5:47  Drone x2  
  95  5:53  Evolution Chamber  
  95  5:55  Evolution Chamber  
  93  5:59  Drone  
  94  6:08  Drone x2  
  94  6:09  Drone x4  
  94  6:10  Drone x2  
  100  6:14  Hatchery  
  100  6:17  Drone x3  
  102  6:19  Drone  
  102  6:21  Spire  
  102  6:22  Zergling x4  
  104  6:32  Drone  
  105  6:35  Zerg Missile Weapons Level 1  
  105  6:36  Zerg Ground Armor Level 1  
  105  6:43  Extractor  
  105  6:45  Queen, Extractor  
  105  7:04  Overlord x7  
  105  7:18  Overlord  
  105  7:19  Infestation Pit  
  105  7:21  Queen, Drone  
  107  7:24  Drone x2  
  107  7:25  Drone x3  
  107  7:26  Drone  
  107  7:27  Spore Crawler, Drone x2  
  107  7:28  Drone x5  
  119  7:30  Roach x2  
  119  7:58  Roach  
  119  7:59  Roach x8  
  119  8:00  Hive  
  137  8:06  Drone x3  
  131  8:17  Extractor  
  131  8:19  Hatchery  
  129  8:22  Extractor  
  128  8:28  Roach x2  
  128  8:29  Zergling x2  
  128  8:30  Zergling x6  
  136  8:53  Zerg Missile Weapons Level 2  
  136  9:00  Overlord  
  136  9:01  Overlord x3  
  136  9:04  Roach x5  
  136  9:05  Roach x2  
  136  9:06  Ravager x3  
  136  9:07  Ravager  
  154  9:18  Greater Spire  
  154  9:32  Spire  
  154  9:34  Drone x3  
  154  9:35  Overlord, Drone x3  
  159  9:42  Overlord, Overseer  
  159  9:50  Viper x3  
  166  10:13  Corruptor x2  
  166  10:14  Corruptor x8  
  168  10:20  Zerg Melee Weapons Level 1  
  176  10:49  Zerg Flyer Weapons Level 1, Zerg Flyer Armor Level 1  
  157  11:04  Brood Lord  
  157  11:05  Brood Lord x9, Corruptor x2  
  157  11:08  Drone x2  
  157  11:09  Spore Crawler  
  157  11:10  Spore Crawler  
  181  11:17  Hatchery, Extractor  
  179  11:21  Extractor  
  179  11:25  Corruptor x2  
  180  11:26  Overlord x3  
  182  11:34  Corruptor x4  
  190  11:40  Overlord x5, Spine Crawler  
  190  11:43  Spine Crawler  
  186  11:48  Drone x2  
  186  11:52  Corruptor x2  
  192  12:00  Corruptor x4  
  190  12:13  Drone x3  
  190  12:14  Drone x3  
  184  12:34  Corruptor x3  
  188  12:43  Corruptor x4  
  187  12:53  Corruptor x4  
  187  12:55  Zerg Flyer Armor Level 2, Zerg Flyer Weapons Level 2  
  192  13:03  Zerg Melee Weapons Level 2  
  192  13:07  Queen x2  
  192  13:08  Queen  
  198  13:16  Zergling x6  
  193  13:36  Mutalisk x4  
  193  13:37  Mutalisk x2  
  183  13:49  Mutalisk x7  
  183  13:50  Mutalisk  
  180  13:57  Extractor, Hatchery  
  180  13:59  Extractor  
  180  14:00  Mutalisk x4  
  158  14:13  Mutalisk  
  158  14:14  Mutalisk x3  
  159  14:38  Brood Lord x2  
  156  14:39  Brood Lord x2  
  156  14:42  Drone x3  
  156  14:43  Drone  
  166  14:47  Hatchery  
  166  14:52  Drone  
  166  15:04  Hatchery  
  165  15:07  Hatchery  
  165  15:10  Extractor  
  165  15:13  Corruptor  
  159  15:14  Viper  
  159  15:18  Drone x2  
  166  15:24  Drone x2  
  166  15:25  Drone  
  157  15:43  Viper  
  156  16:02  Brood Lord x4  
  160  16:11  Brood Lord  
  160  16:15  Extractor x2, Drone x3  
  160  16:16  Drone  
  160  16:17  Extractor, Drone x5  
  162  16:32  Viper  
  151  16:41  Corruptor  
  151  16:46  Drone x2  
  155  16:47  Drone x3  
  155  16:48  Drone x2  
  160  16:57  Brood Lord x2  
  160  16:58  Brood Lord  
  166  17:07  Corruptor  
  166  17:08  Corruptor  
  159  17:26  Brood Lord  
  108  17:47  Roach Warren  
Show
View Real Time Build Order
Export as new Build Order

Frobilicious Terran - Winner!

Build Orders: Gas First Reaper Expand, Hellion Banshee, Mech 

Get SALT Encoding   

  12  0:00  SCV  
  13  0:13  SCV  
  14  0:17  Supply Depot  
  14  0:25  SCV  
  15  0:29  Refinery  
  15  0:39  SCV  
  16  0:45  Barracks  
  16  0:51  SCV  
  17  1:03  SCV  
  18  1:15  SCV  
  19  1:32  Orbital Command, Reaper  
  20  1:43  Command Center  
  20  1:54  Factory  
  20  1:58  SCV  
  21  2:08  Barracks Reactor  
  21  2:10  Refinery  
  21  2:11  SCV  
  22  2:17  Supply Depot  
  22  2:23  SCV  
  23  2:38  SCV  
  24  2:47  Starport  
  24  2:50  SCV  
  25  2:52  Hellion x2  
  25  2:55  Barracks Tech Lab  
  29  3:00  Orbital Command  
  29  3:04  SCV  
  30  3:14  Hellion  
  30  3:16  SCV  
  33  3:21  Hellion  
  34  3:28  SCV  
  34  3:33  Cloaking Field, SCV  
  36  3:35  Supply Depot  
  36  3:39  Banshee  
  39  3:44  SCV  
  39  3:46  SCV  
  39  3:47  Hellion  
  43  3:51  Hellion  
  45  3:58  Supply Depot  
  45  4:00  Barracks Tech Lab  
  45  4:02  SCV  
  46  4:05  SCV  
  46  4:07  Supply Depot  
  47  4:14  SCV  
  52  4:17  SCV  
  49  4:25  Banshee  
  49  4:29  SCV  
  49  4:30  SCV  
  54  4:37  Marine x2  
  56  4:39  Siege Tank, Command Center  
  56  4:41  SCV  
  56  4:42  SCV  
  61  4:49  Refinery x2  
  61  4:53  SCV, Supply Depot  
  61  4:54  SCV  
  61  4:58  Marine x2  
  65  5:00  Supply Depot  
  65  5:05  SCV  
  65  5:07  SCV  
  67  5:10  Banshee  
  70  5:15  Siege Tank  
  70  5:16  Supply Depot  
  70  5:17  SCV  
  70  5:19  SCV  
  75  5:29  SCV  
  75  5:31  SCV  
  75  5:34  Factory  
  75  5:35  Factory  
  77  5:41  SCV  
  78  5:43  SCV  
  78  5:46  Supply Depot  
  77  5:50  Armory  
  77  5:51  Armory  
  77  5:53  SCV  
  77  5:55  SCV  
  79  6:01  Siege Tank  
  82  6:05  SCV  
  82  6:09  Banshee  
  85  6:12  SCV  
  85  6:16  Orbital Command  
  85  6:18  SCV  
  87  6:24  Refinery  
  87  6:25  Supply Depot, Refinery  
  87  6:26  Factory Tech Lab  
  87  6:27  SCV  
  87  6:30  SCV  
  89  6:35  Siege Tank  
  89  6:36  Hellion  
  89  6:37  Hellion  
  89  6:39  SCV  
  97  6:47  Siege Tank  
  100  6:51  Terran Vehicle Weapons Level 1  
  100  6:53  SCV x2  
  102  6:54  Engineering Bay  
  102  6:56  SCV  
  102  6:59  Supply Depot  
  102  7:00  Terran Vehicle And Ship Armor Level 1  
  103  7:01  Supply Depot  
  103  7:05  SCV x2  
  103  7:08  SCV  
  109  7:17  SCV x2  
  109  7:20  Thor  
  120  7:25  Barracks Reactor  
  120  7:26  Thor  
  120  7:28  Hellion x2  
  124  7:30  SCV x2  
  124  7:35  Factory  
  126  7:37  Factory  
  126  7:38  SCV  
  126  7:42  SCV  
  121  7:54  Missile Turret  
  121  7:55  Missile Turret  
  121  7:56  Missile Turret  
  121  7:57  Missile Turret  
  121  8:01  SCV  
  121  8:02  Command Center  
  121  8:03  Thor  
  127  8:09  SCV  
  128  8:13  Thor  
  128  8:16  Infernal Pre-Igniter  
  128  8:18  Missile Turret  
  128  8:19  SCV x2  
  136  8:21  SCV  
  137  8:27  Smart Servos  
  137  8:29  Siege Tank  
  137  8:32  Factory Reactor  
  140  8:38  Hellion  
  140  8:39  SCV x2  
  141  8:43  Supply Depot  
  141  8:44  Supply Depot x3  
  141  8:47  Siege Tank, SCV  
  145  8:49  Supply Depot  
  145  8:51  SCV  
  145  8:52  Thor  
  145  8:54  Command Center  
  146  9:04  Siege Tank  
  146  9:06  Viking  
  146  9:07  Viking  
  146  9:09  Hellion x2  
  160  9:11  Hellion  
  160  9:13  Hellion  
  160  9:16  Planetary Fortress  
  164  9:17  SCV  
  164  9:19  SCV x2  
  164  9:23  Terran Vehicle Weapons Level 2  
  167  9:25  Terran Vehicle And Ship Armor Level 2  
  167  9:29  SCV  
  163  9:40  Sensor Tower x2, Refinery  
  163  9:42  SCV x3, Refinery  
  166  9:48  Viking  
  166  9:49  Siege Tank, Viking  
  166  9:50  Hellion  
  175  10:00  SCV x3  
  175  10:04  Command Center  
  178  10:07  Siege Tank x2, Hellion x2  
  188  10:18  Refinery  
  188  10:20  Factory  
  188  10:21  Factory  
  188  10:22  Refinery  
  188  10:33  Missile Turret  
  177  10:46  Siege Tank, Hellion  
  177  10:47  Siege Tank  
  177  10:48  Siege Tank, Hellion x3  
  192  10:57  Factory  
  192  11:01  Viking x2  
  196  11:08  Factory Tech Lab, Hellion  
  196  11:09  Factory Tech Lab, Missile Turret  
  198  11:20  Command Center  
  198  11:24  Refinery  
  198  11:25  Planetary Fortress  
  198  11:27  Command Center, Sensor Tower, Refinery  
  198  11:31  Viking  
  200  11:42  Command Center  
  200  11:44  Planetary Fortress  
  197  12:09  Fusion Core, Starport x2  
  197  12:25  Hellion x8  
  197  12:29  Thor  
  197  12:35  Thor x2  
  195  12:37  Thor  
  195  12:41  Thor  
  171  13:07  Viking x4  
  171  13:12  Thor  
  181  13:18  Thor x2  
  193  13:20  Thor  
  193  13:25  Command Center x2  
  199  13:30  Thor x5  
  198  13:37  Viking  
  195  13:48  Viking x3  
  195  13:56  Orbital Command  
  182  14:20  Missile Turret  
  182  14:23  Missile Turret  
  176  14:25  Viking  
  176  14:27  Viking  
  176  14:29  Thor, Missile Turret x2  
  176  14:30  Viking x2  
  172  14:32  Thor, Missile Turret x2  
  172  14:34  Thor  
  164  14:40  Missile Turret  
  164  14:41  Missile Turret  
  164  14:45  Planetary Fortress  
  164  14:59  Starport Tech Lab  
  164  15:04  Starport Reactor  
  164  15:09  Medivac x2  
  164  15:13  Missile Turret  
  168  15:14  Thor x3  
  168  15:15  Missile Turret x2  
  168  15:16  Missile Turret  
  168  15:22  Missile Turret  
  168  15:23  Missile Turret  
  168  15:24  Missile Turret x2  
  168  15:34  Thor x2  
  180  15:39  Medivac  
  178  16:00  SCV x3, Missile Turret  
  178  16:01  Missile Turret  
  178  16:02  Missile Turret  
  181  16:05  Missile Turret  
  177  16:12  SCV x2  
  179  16:23  Command Center  
  179  16:25  Command Center  
  179  16:27  Thor  
  185  16:48  Planetary Fortress  
  185  16:52  Orbital Command  
  185  17:18  Orbital Command  
  169  17:36  Refinery  
  167  17:37  Refinery  
  167  17:39  SCV x3  
Tags
 
Add a new tag
Caveats
  • Supply blocks, unpowered buildings, or Contaminate may cause inaccurate times.
  • Supply counts are checked every 10 seconds.